 Dungeon Crawl Stone Soup version 0.28-a0-224-g76b539d98b (webtiles) character file.

Game seed: 2477474065448961148

697 theanonym the Slasher (level 7, -7/60 HPs)
             Began as a Demigod Gladiator on Aug 22, 2021.
             Mangled by Duvessa (13 damage)
             ... on level 5 of the Dungeon.
             The game lasted 00:04:49 (4335 turns).

theanonym the Slasher (Demigod Gladiator)           Turns: 4335, Time: 00:04:50

Health: -7/60      AC:  7    Str: 20 (23) XL:     7   Next: 15%
Magic:  9/9        EV: 10    Int:  9 (10) God:
Gold:   194        SH:  0    Dex: 12 (15) Spells: 6/6 levels left

rFire   . . .      SeeInvis +   b - +2 falchion (holy)
rCold   . . .      Faith    .   (no shield)
rNeg    . . .      Spirit   .   o - +0 scale mail
rPois   .          Reflect  .   c - +0 helmet
rElec   .          Harm     .   (no cloak)
rCorr   .          Rampage  .   (no gloves)
Will    .....                   (no boots)
Stlth   ..........              (no amulet)
HPRegen 0.20/turn               (no ring)
MPRegen 0.11/turn               (no ring)

@: no status effects
A: high mp 1, forlorn, see invisible
a: no special abilities


Innate Abilities, Weirdness & Mutations

Your attributes grow dramatically as you level up.
You have an increased reservoir of magic. (+10% MP)
You shall have no god before yourself.
You have supernaturally acute eyesight. (SInv)


   Skills:
 + Level 4.5 Fighting
 * Level 6.7 Long Blades
 - Level 1.7 Throwing
 - Level 2.6 Dodging


You had 6 spell levels left.
You didn't know any spells.
Your spell library contained the following spells:

 Spells                   Type           Power      Damage    Failure   Level
 Magic Dart               Conj           0%         1d3       77%         1
 Searing Ray              Conj           0%         3d3       88%         2
 Fulminant Prism          Conj/Hex       0%         3d6       100%        4
 Summon Lightning Spire   Summ/Air       0%         N/A       100%        4
 Summon Forest            Summ/Tloc      0%         N/A       100%        5
 Eringya's Noxious Bog    Tmut/Pois      0%         N/A       100%        6
 Storm Form               Tmut/Air       0%         N/A       100%        7
 Summon Hydra             Summ           0%         N/A       100%        7
 Maxwell's Capacitive Co  Air            0%         ∞         100%        8

Skill      XL: |  1  2  3  4  5  6 |
---------------+-------------------+-----
Fighting       | 2 3 4 |  4.5
Long Blades    | 3 4 5 6 |  6.7
Throwing       | |  1.7
Dodging        | |  2.6

Action                   |  1- 3 |  4- 6 |  7- 9 || total
-------------------------+-------+-------+-------++-------
Melee: Long sword        |   101 |    48 |       ||   149
       Falchion          |       |    85 |    11 ||    96
Evoke: Wand              |       |       |     1 ||     1
  Use: Potion            |     3 |       |     4 ||     7
 Stab: Sleeping          |     3 |     1 |       ||     4
Armor: Leather armour    |    27 |     4 |       ||    31
       Skin              |     3 |       |       ||     3
       Ring mail         |       |    24 |       ||    24
       Scale mail        |       |     8 |     9 ||    17
Dodge: Dodged            |    81 |    90 |     4 ||   175
       Rpst.: Long sword |    30 |    17 |       ||    47
       Falchion          |       |    14 |     1 ||    15

Inventory:

Hand Weapons
 a - a +0 long sword
 b - a +2 falchion of holy wrath (weapon)
Missiles
 d - 3 throwing nets (quivered)
Armour
 c - a +0 helmet (worn)
 o - a +0 scale mail (worn)
Wands
 m - a wand of mindburst (17)
 n - a wand of paralysis (13)
Scrolls
 f - 2 scrolls of acquirement {unknown}
 g - a scroll of magic mapping {unknown}
 h - a scroll of silence {unknown}
 k - a scroll of teleportation {unknown}
 p - 2 scrolls of immolation {unknown}
 q - a scroll of amnesia {unknown}
Potions
 i - a potion of flight
 w - a potion of curing


You were on level 5 of the Dungeon.
You visited 1 branch of the dungeon, and saw 5 of its levels.

You collected 194 gold pieces.

Dungeon Overview and Level Annotations

Branches:
Dungeon (5/15)             Temple (0/1) D:4

Annotations:
D:5 Dowan, Duvessa

#.###.##
..# #.# ..#
#.# ..# #.#
..# #e# ..#
#O# ..# #.#
#########.#
#..@eO.e..#
#.#########
#.# #.# #.#
####.#
#....#
#.#### #.#


You could see Duvessa, an ogre and Dowan.

Notes
Turn   | Place    | Note
-------+----------+-------------------------------------------
     0 | D:1      | theanonym the Demigod Gladiator began the quest for the
                  | Orb.
     0 | D:1      | Reached XP level 1. HP: 17/17 MP: 3/3
   186 | D:1      | Reached skill level 2 in Fighting
   186 | D:1      | Reached skill level 3 in Long Blades
   325 | D:1      | Reached XP level 2. HP: 21/24 MP: 4/4
   979 | D:1      | Reached XP level 3. HP: 27/30 MP: 5/5
  1539 | D:2      | HP: 15/30 [adder (2)]
  1540 | D:2      | HP: 5/30 [adder (3)]
  1545 | D:2      | Reached skill level 4 in Long Blades
  2005 | D:3      | Reached XP level 4. HP: 36/37 MP: 6/6
  2095 | D:3      | Noticed Grinder
  2346 | D:3      | Paralysed by Grinder for 5 turns
  2690 | D:3      | Reached skill level 3 in Fighting
  2864 | D:3      | Killed Grinder
  2865 | D:3      | Reached skill level 5 in Long Blades
  2865 | D:3      | Reached XP level 5. HP: 43/46 MP: 7/7
  2865 | D:3      | Reached XP level 6. HP: 49/52 MP: 8/8
  3014 | D:4      | Reached skill level 4 in Fighting
  3146 | D:4      | Reached skill level 6 in Long Blades
  3767 | D:4      | Found a staircase to the Ecumenical Temple.
  3826 | D:4      | Reached XP level 7. HP: 42/60 MP: 9/9
  4162 | D:5      | Entered Level 5 of the Dungeon
  4310 | D:5      | Noticed Dowan
  4311 | D:5      | Noticed Duvessa
  4322 | D:5      | Gained mutation: You have supernaturally acute eyesight.
                  | (SInv) [potion of mutation]
  4325 | D:5      | HP: 23/60 [Duvessa (15)]
  4326 | D:5      | HP: 5/60 [Duvessa (17)]
  4335 | D:5      | Mangled by Duvessa

Vanquished Creatures
  Grinder (D:3)
  An ogre (D:3)
  A bullfrog (D:4)
  A scorpion (D:4)
  A centaur zombie (D:5)
  2 iguanas (D:4)
  An orc wizard (D:4)
  8 adders
  A shadow imp (D:5)
  A worm (D:4)
  2 dart slugs
  10 orcs
  10 endoplasms
  5 giant cockroaches
  2 goblins
  10 hobgoblins
  3 jackals (D:1)
  6 kobolds
  7 quokkas
  8 ball pythons
  8 bats
  A frilled lizard (D:2)
  A jackal skeleton (D:4)
  7 rats
98 creatures vanquished.

Vanquished Creatures (others)
  17 fungi (D:4)
17 creatures vanquished.

Grand Total: 115 creatures vanquished

Table legend: (Time is in decaauts)
 A = Elapsed time spent in this place.
 B = Non-inter-level travel time spent in this place.
 C = Inter-level travel time spent in this place.
 D = Time resting spent in this place.
 E = Time spent auto-exploring this place.
 F = Levels seen in this place.
 G = Mean time per level.
                   A        B        C        D        E       F      G
               +--------+--------+--------+--------+--------+-----+--------+
         Total |   4368 |   4126 |    242 |    593 |   2908 |   5 |  873.6 |
       Dungeon |   4368 |   4126 |    242 |    593 |   2908 |   5 |  873.6 |
               +--------+--------+--------+--------+--------+-----+--------+

Top non-repeatable levels by time:
     D:1: 1261 daAuts
     D:3: 1151 daAuts
     D:4: 1019 daAuts
     D:2: 763 daAuts
     D:5: 172 daAuts
